 Dungeon Crawl Stone Soup version 0.28-a0-662-g1651b1f1e0 (webtiles) character file.

Game seed: 17025811150420694834

25 cheechan the Shield-Bearer (level 3, -1/26 HPs)
             Began as an Octopode Fighter on Oct 14, 2021.
             Slain by Ijyb (3 damage)
             ... on level 2 of the Dungeon.
             The game lasted 00:04:59 (1254 turns).

cheechan the Shield-Bearer (Octopode Fighter)       Turns: 1254, Time: 00:05:00

Health: -1/26      AC:  1    Str: 21    XL:     3   Next: 4%
Magic:  3/3        EV: 13    Int: 14    God:
Gold:   69         SH:  4    Dex: 12    Spells: 2/2 levels left

rFire   . . .      SeeInvis .   a - +1 flail
rCold   . . .      Faith    .   b - +0 buckler
rNeg    . . .      Spirit   .   (helmet restricted)
rPois   .          Reflect  .   (no amulet)
rElec   .          Harm     .   j - ring "Buerchagy" {Str+6 Int+4}
rCorr   .          Rampage  .   (no ring)
Will    .....                   (no ring)
Stlth   ++........              (no ring)
HPRegen 0.08/turn               (no ring)
MPRegen 0.08/turn               (no ring)
                                (no ring)
                                (no ring)

@: no status effects
A: almost no armour, amphibious, 8 rings, camouflage 1, gelatinous body 1,
(nimble swimmer 1), tentacles
a: no special abilities


You were on level 2 of the Dungeon.
You visited 1 branch of the dungeon, and saw 2 of its levels.

You collected 69 gold pieces.

Inventory:

Hand Weapons
 a - a +1 flail (weapon)
Missiles
 d - 29 stones (quivered)
 e - 5 sling bullets
 f - 40 arrows
 h - 16 bolts
Armour
 b - a +0 buckler (worn)
Jewellery
 j - the ring "Buerchagy" (left tentacle) {Str+6 Int+4}
   (You acquired it on level 2 of the Dungeon)

   [ring of strength]

   Str:       It affects your strength (+6).
   Int:       It affects your intelligence (+4).
Scrolls
 g - 2 scrolls of enchant weapon
 i - a scroll of teleportation {unknown}
Potions
 c - 2 potions of might


   Skills:
 + Level 3.3 Fighting
 + Level 2.4 Maces & Flails
 + Level 3.1 Dodging
 + Level 0.5 Stealth
 + Level 3.3 Shields


You had 2 spell levels left.
You didn't know any spells.
Your spell library was empty.

Dungeon Overview and Level Annotations

Branches:
Dungeon (2/15)

Altars:
Makhleb

Annotations:
D:2 Ijyb


Innate Abilities, Weirdness & Mutations

You cannot wear most types of armour.
You are amphibious.
You can wear up to eight rings at the same time.
Your skin changes colour to match your surroundings (Stealth+).
Your rubbery body absorbs attacks. (AC +1, EV +1)
((You are camouflaged near water. (Stealth+)))
You have tentacles for arms and can constrict up to eight enemies at once.


Message History

You closely miss the goblin.
The goblin shouts!
Your grab misses the goblin. You squeeze the goblin.
You kill the goblin!
The goblin shoots a stone.
The stone closely misses you.
You sock the goblin!
You kill the goblin!
The goblin shoots a stone.
The stone closely misses you. The goblin hits you but does no damage.
You have reached level 3!
Your experience leads to an increase in your attributes!
Your base attributes are Str 15, Int 10, Dex 11.
Increase (S)trength, (I)ntelligence, or (D)exterity?
You feel agile. The goblin barely misses you.
You see here a +0 dagger.
You closely miss the goblin. Your grab misses the goblin.
The goblin unwields a +0 hunting sling.
The goblin wields a +0 club.
The goblin barely misses you. x2; You block the goblin's attack.
You barely miss the goblin. You grab the goblin. You squeeze the goblin.
You kill the goblin!
You block the goblin's attack.
Ijyb throws a stone.
The stone hits you. The goblin barely misses you.
The goblin hits you with a +0 club.
You hit Ijyb. Your grab misses Ijyb.
Ijyb is moderately wounded.
You block the goblin's attack.
Ijyb zaps a wand.
The puff of flame hits you.
You barely miss Ijyb. Your grab misses Ijyb.
Ijyb is moderately wounded.
You block the goblin's attack. The goblin closely misses you.
Ijyb screams, "Me kill you!"
Ijyb zaps a wand.
The puff of flame hits you!
* * * LOW HITPOINT WARNING * * *
The goblin barely misses you.
You closely miss Ijyb. You grab Ijyb.
Ijyb is moderately wounded.
You constrict Ijyb. The goblin hits you but does no damage.
The goblin hits you with a +0 club.
* * * LOW HITPOINT WARNING * * *
Ijyb hits you with a +0 club.
You die...

#...# #.#
##########.###8.....8#
.........#<..#.......#
########.#.#.#8$....8#
.........#.#.#.......#
##########.# #8.....8#
#.# #.......# ...
#8)gg..8#
##############.g@g...#
#.....[..............#
.###.########!########
.# #.# #.# .###.# #.#
.....# #.# .###.# #.#
## ### ?.# ###


You could see Ijyb and 3 goblins.

Vanquished Creatures
  A ynoxinul (D:1)
  A worm (D:2)
  2 bats (D:1)
  4 endoplasms
  5 goblins
  2 jackals (D:2)
  2 kobolds
  4 rats
21 creatures vanquished.

Vanquished Creatures (others)
  A fungus (D:1)
1 creature vanquished.

Grand Total: 22 creatures vanquished

Notes
Turn   | Place    | Note
-------+----------+-------------------------------------------
     0 | D:1      | cheechan the Octopode Fighter began the quest for the Orb.
     0 | D:1      | Reached XP level 1. HP: 16/16 MP: 1/1
   175 | D:1      | Found a faded altar of an unknown god.
   207 | D:1      | Prayed at the altar of an unknown god.
   207 | D:1      | Became a worshipper of Makhleb the Destroyer
   207 | D:1      | Reached * piety under Makhleb
   208 | D:1      | Fell from the grace of Makhleb
   257 | D:1      | Reached XP level 2. HP: 21/21 MP: 2/2
   371 | D:1      | Noticed a ynoxinul
   379 | D:1      | Killed a ynoxinul
   900 | D:2      | Identified a scroll of acquirement
   900 | D:2      | Acquired the ring "Buerchagy" {Str+6 Int+4}
  1246 | D:2      | Noticed Ijyb
  1249 | D:2      | Reached XP level 3. HP: 26/26 MP: 3/3
  1254 | D:2      | Slain by Ijyb

Illustrated notes

Levels and vault maps discovered:
D:1:      dpeg_cavernosity, layout_basic, shapermc_ecumenical_altar_notcrosses
D:2:      kennysheep_the_goblin_king, layout_basic

Action                   || total
-------------------------++-------
Melee: Flail             ||    46
       Constrict         ||    10
       Tentacles         ||     8
Invok: Renounce Religion ||     1
  Use: Scroll            ||     4
 Stab: Sleeping          ||     2
Armor: Skin              ||     3
Dodge: Dodged            ||    30
Block: Buckler           ||    10

Table legend: (Time is in decaauts)
 A = Elapsed time spent in this place.
 B = Non-inter-level travel time spent in this place.
 C = Inter-level travel time spent in this place.
 D = Time resting spent in this place.
 E = Time spent auto-exploring this place.
 F = Levels seen in this place.
 G = Mean time per level.
                   A        B        C        D        E       F      G
               +--------+--------+--------+--------+--------+-----+--------+
         Total |   1267 |   1267 |      0 |    368 |      0 |   2 |  633.5 |
       Dungeon |   1267 |   1267 |      0 |    368 |      0 |   2 |  633.5 |
               +--------+--------+--------+--------+--------+-----+--------+

Top non-repeatable levels by time:
     D:1: 633 daAuts
     D:2: 633 daAuts
